Map: Abyssal Reef LE

Players

dolann

  • Race: Protoss Protoss
  • League: Diamond
  • Spawn Location: 5:00

eYeTrIcK - Winner!

  • Race: Zerg Zerg
  • League: Diamond
  • Spawn Location: 11:00

VOD

Have the link to the VOD?

Description

:P

Time

  • Played on: Jan. 12, 2018, 4:02 p.m.
  • Length: 10:32
Show
View Real Time Build Order
Export as new Build Order

dolann Protoss 

Build Orders: 1 Gate Expand, Mass Adepts 

Get SALT Encoding   

  12  0:01  Probe  
  13  0:13  Probe  
  14  0:22  Pylon  
  14  0:25  Probe  
  15  0:40  Probe (Chrono Boost), Gateway  
  16  0:44  Assimilator  
  17  0:51  Probe (Chrono Boost)  
  17  0:55  Probe (Chrono Boost)  
  18  1:06  Probe  
  19  1:18  Probe  
  20  1:26  Nexus  
  20  1:37  Cybernetics Core  
  20  1:39  Probe  
  21  1:52  Probe  
  22  1:56  Pylon  
  22  2:11  Warp Gate (Chrono Boost)  
  22  2:13  Adept (Chrono Boost)  
  24  2:17  Probe  
  25  2:25  Gateway  
  25  2:32  Probe  
  25  2:33  Adept (Chrono Boost)  
  27  2:38  Probe  
  28  2:44  Probe  
  28  2:50  Probe  
  30  2:57  Probe  
  31  2:59  Adept (Chrono Boost)  
  31  3:00  Gateway  
  31  3:05  Probe  
  34  3:07  Assimilator  
  34  3:09  Probe  
  35  3:27  Adept x2, Probe x2  
  41  3:34  Twilight Council  
  41  3:39  Probe x2  
  43  3:42  Pylon  
  43  3:54  Pylon, Probe x2  
  45  4:06  Probe x2  
  45  4:07  Adept x3  
  53  4:17  Assimilator  
  53  4:18  Probe x2  
  53  4:19  Assimilator  
  53  4:29  Resonating Glaives (Chrono Boost)  
  48  4:33  Adept x2  
  48  4:34  Adept  
  48  4:35  Probe  
  55  4:38  Probe  
  56  4:47  Probe  
  56  4:50  Probe  
  58  4:57  Adept x2  
  58  4:59  Probe  
  61  5:02  Adept  
  61  5:04  Pylon  
  53  5:10  Probe  
  52  5:20  Stalker  
  54  5:21  Adept  
  56  5:30  Adept  
  56  5:31  Probe x2  
  60  5:36  Gateway  
  60  5:37  Gateway  
  50  6:18  Adept x3  
  52  6:21  Robotics Facility  
  52  6:24  Probe x2  
  54  6:30  Gateway  
  54  6:31  Pylon  
  54  6:32  Adept  
  56  6:33  Adept  
  56  6:36  Probe  
  59  6:42  Probe  
  59  6:43  Gateway  
  59  6:45  Nexus  
  59  6:46  Pylon  
  60  6:48  Probe  
  60  6:49  Adept x3  
  67  7:09  Immortal (Chrono Boost)  
  67  7:11  Forge  
  67  7:12  Forge  
  71  7:31  Adept x5  
  71  7:35  Gateway  
  71  7:36  Protoss Ground Weapons Level 1 (Chrono Boost)  
  81  7:37  Protoss Shields Level 1 (Chrono Boost)  
  81  7:48  Sentry x2  
  85  7:53  Pylon  
  85  7:55  Pylon  
  85  7:58  Stalker  
  85  8:02  Stalker  
  89  8:16  Observer  
  90  8:23  Adept, Assimilator  
  90  8:24  Adept x5, Assimilator  
  102  8:28  Sentry  
  104  8:38  Colossus, Probe x3  
  107  8:49  Sentry x5  
  107  8:54  Pylon  
  117  8:58  Pylon  
  117  9:10  Gateway  
  117  9:12  Observer, Probe x3  
  121  9:19  Templar Archives  
  121  9:24  Probe  
  122  9:30  Nexus  
  102  9:54  Stalker x5  
  102  9:55  Stalker x2  
  102  9:57  Stalker  
  81  10:18  High Templar x2  
  85  10:25  Archon  
  85  10:26  High Templar  
  85  10:27  High Templar  
Show
View Real Time Build Order
Export as new Build Order

eYeTrIcK Zerg - Winner!

Build Orders: Hatch First 

Get SALT Encoding   

  12  0:01  Drone  
  13  0:10  Drone  
  14  0:16  Overlord  
  14  0:27  Extractor  
  14  0:28  Drone  
  15  0:36  Drone x2  
  17  0:52  Drone  
  18  0:58  Hatchery  
  17  1:18  Spawning Pool  
  16  1:19  Extractor  
  16  1:20  Drone x2  
  17  1:36  Drone x2  
  19  1:45  Overlord  
  19  1:57  Drone  
  20  2:05  Zergling x2  
  20  2:07  Queen  
  23  2:14  Queen, Drone  
  26  2:17  Drone  
  27  2:31  Drone x2  
  29  2:40  Hatchery  
  29  2:43  Metabolic Boost  
  28  2:51  Drone  
  28  2:52  Drone x2  
  31  3:02  Overlord  
  31  3:05  Drone x3  
  33  3:28  Zergling x16  
  33  3:30  Zergling x2  
  42  3:46  Evolution Chamber  
  41  3:52  Drone x4  
  45  3:57  Drone x5  
  45  3:59  Overlord  
  45  4:00  Overlord  
  50  4:10  Pneumatized Carapace  
  46  4:29  Roach Warren  
  46  4:30  Zergling x10  
  46  4:31  Zergling x14  
  52  4:36  Queen  
  54  4:43  Spine Crawler  
  53  4:48  Queen  
  53  4:49  Spine Crawler  
  54  4:59  Zergling x2, Drone  
  52  5:00  Zergling x12  
  54  5:10  Drone  
  54  5:11  Drone x5  
  60  5:20  Lair  
  60  5:22  Drone x3  
  60  5:23  Extractor  
  58  5:31  Drone  
  58  5:32  Drone  
  58  5:34  Drone  
  61  5:35  Extractor  
  61  5:38  Spine Crawler  
  61  5:41  Drone  
  61  5:42  Drone x2  
  62  5:43  Drone, Overlord  
  56  5:58  Zergling x2  
  46  6:18  Drone x2  
  46  6:19  Drone x2  
  46  6:20  Drone x2  
  46  6:22  Drone x6  
  46  6:24  Drone x5  
  63  6:27  Queen  
  65  6:33  Overseer  
  65  6:39  Zergling x2  
  66  6:55  Overlord x4  
  66  7:06  Hatchery  
  65  7:12  Queen x2  
  69  7:19  Spire  
  69  7:22  Drone  
  68  7:23  Drone x3  
  68  7:24  Extractor  
  68  7:25  Drone x2  
  68  7:28  Drone x3  
  68  7:29  Drone  
  75  7:30  Drone  
  75  7:31  Overlord x3  
  76  7:40  Extractor x2  
  74  7:57  Drone x3  
  74  7:58  Drone x3  
  78  8:02  Spine Crawler  
  79  8:05  Spine Crawler  
  78  8:21  Queen  
  80  8:29  Overlord x5  
  80  8:30  Overlord  
  80  8:31  Mutalisk x14  
  80  8:32  Mutalisk  
  110  8:34  Zergling x2  
  110  8:35  Zergling x10  
  116  9:05  Mutalisk x4  
  116  9:07  Zergling x18  
  116  9:08  Overseer  
  116  9:09  Overseer  
  133  9:21  Drone x4  
  133  9:22  Drone x5  
  133  9:23  Extractor  
  141  9:26  Extractor  
  141  9:28  Mutalisk x3  
  141  9:29  Zergling x2  
  141  9:30  Zergling x6  
  150  9:37  Mutalisk  
  149  9:38  Zergling x8  
  134  10:01  Drone x2  
  134  10:02  Mutalisk x3  
  134  10:03  Zergling x14  
  142  10:09  Zergling x8  
  146  10:16  Drone x4  
  146  10:17  Drone x2  
Tags
 
Add a new tag
Caveats
  • Supply blocks, unpowered buildings, or Contaminate may cause inaccurate times.
  • Supply counts are checked every 10 seconds.